 Dungeon Crawl Stone Soup version 0.28-a0-1074-g3cb2360906 (webtiles) character file.

Game seed: 16069479183120516627

1577 Gargoyl the Skirmisher (level 8, 0/73 HPs)
             Began as a Gnoll Abyssal Knight on Dec 9, 2021.
             Was a Believer of Lugonu.
             Slain by a killer bee (2 damage)
             ... on level 5 of the Dungeon.
             The game lasted 00:08:51 (4931 turns).

Gargoyl the Skirmisher (Gnoll Abyssal Knight)       Turns: 4931, Time: 00:08:51

Health: 0/73       AC: 11    Str: 16      XL:     8   Next: 91%
Magic:  13/13      EV:  8    Int: 15      God:    Lugonu [**....]
Gold:   197        SH:  5    Dex: 12 (14) Spells: 14/14 levels left

rFire   . . .      SeeInvis .   a - +2 hand axe
rCold   . . .      Faith    .   (no shield)
rNeg    + . .      Spirit   .   i - +0 chain mail
rPois   .          Reflect  +   (helmet restricted)
rElec   +          Harm     .   m - +0 cloak
rCorr   .          Rampage  .   (no gloves)
Will    .....                   (no boots)
Stlth   ..........              c - amulet of Afejaomo {Reflect rN+ Int+6 SH+5}
HPRegen 0.22/turn               (no ring)
MPRegen 0.13/turn               (no ring)

@: lethally poisoned (0 -> -17)
A: fangs 1, strong nose, distributed training, horns 1, talons 1, deterioration
1, robust 1, electricity resistance, strong 1
a: Renounce Religion, Depart the Abyss, Bend Space


You were on level 5 of the Dungeon.
You worshipped Lugonu.
Lugonu was pleased with you.
You visited 1 branch of the dungeon, and saw 6 of its levels.
You visited the Abyss 1 time.

You collected 246 gold pieces.
You spent 49 gold pieces at shops.

Inventory:

Hand Weapons
 a - a +2 hand axe (weapon)
Missiles
 p - 12 poisoned darts (quivered)
Armour
 i - a +0 chain mail (worn)
 m - a +0 cloak (worn)
 o - a +0 plate armour
Jewellery
 c - the amulet of Afejaomo (around neck) {Reflect rN+ Int+6 SH+5}
   (You acquired it on level 2 of the Dungeon)

   [amulet of reflection]

   It reflects blocked missile attacks.
   Int:       It affects your intelligence (+6).
   rN:        It protects you from negative energy.
   SH:        It affects your SH (+5).
Wands
 b - a wand of flame (19)
 k - a wand of paralysis (9)
 n - a wand of iceblast (6)
Scrolls
 j - a scroll of teleportation
Potions
 d - a potion of curing
 e - a potion of brilliance
 f - 4 potions of mutation
 g - a potion of ambrosia {unknown}
 h - a potion of might
 l - a potion of berserk rage {unknown}


   Skills:
 + Level 7.6 Fighting
 + Level 3.6 Short Blades
 + Level 3.6 Long Blades
 + Level 5.9 Axes
 + Level 3.6 Maces & Flails
 + Level 3.6 Polearms
 + Level 3.6 Staves
 + Level 3.6 Slings
 + Level 3.6 Bows
 + Level 3.6 Crossbows
 + Level 3.6 Throwing
 + Level 5.9 Armour
 + Level 4.5 Dodging
 + Level 3.6 Stealth
 + Level 3.6 Shields
 + Level 3.6 Unarmed Combat
 + Level 3.6 Spellcasting
 + Level 3.0 Conjurations
 + Level 3.0 Hexes
 + Level 3.0 Summonings
 + Level 3.0 Necromancy
 + Level 3.0 Translocations
 + Level 3.0 Transmutations
 + Level 3.0 Fire Magic
 + Level 3.0 Ice Magic
 + Level 3.0 Air Magic
 + Level 3.0 Earth Magic
 + Level 3.0 Poison Magic
 + Level 6.2 Invocations
 + Level 3.6 Evocations


You had 14 spell levels left.
You didn't know any spells.
Your spell library contained the following spells:

 Spells                   Type           Power      Damage    Failure   Level
 Iskenderun's Battlesphe  Conj           11%        2d7       100%        5
 Iron Shot                Conj/Erth      5%         9d2       100%        6
 Spellforged Servitor     Conj/Summ      5%         N/A       100%        7


Dungeon Overview and Level Annotations

Branches:
Dungeon (6/15)             Temple (0/1) D:4

Altars:
Okawaru

Shops:
D:2 [


Innate Abilities, Weirdness & Mutations

You have very sharp teeth.
Your uncanny sense of smell can sniff out nearby items.
Your experience applies equally to all skills.
You have a pair of small horns on your head.
You have sharp toenails.
Your body sometimes deteriorates upon taking damage.
You are robust. (+10% HP)
You are resistant to electric shocks. (rElec)
Your muscles are strong. (Str +2)


Message History

The killer bee stings you but does no damage.
You block the killer bee's attack. The killer bee stings you!
The killer bee stings you but does no damage.
You block the killer bee's attack. The killer bee stings you.
* * * LOW HITPOINT WARNING * * *
You block the killer bee's attack. The killer bee stings you.
* * * LOW HITPOINT WARNING * * *
You block the killer bee's attack. The killer bee barely misses you.
The killer bee buzzes angrily.
You hear an angry hiss.
The killer bee stings you but does no damage.
The killer bee stings you.
* * * LOW HITPOINT WARNING * * *
You are poisoned.
The killer bee poisons you!
The killer bee stings you but does no damage.
There is a stone staircase leading up, spattered with blood here.
You feel sick. You block the killer bee's attack. x2
The killer bee stings you.
* * * LOW HITPOINT WARNING * * *
You block the killer bee's attack. The killer bee barely misses you.
The killer bee stings you but does no damage.
The killer bee stings you.
* * * LOW HITPOINT WARNING * * *
You are lethally poisoned!
The killer bee poisons you!
You climb upwards.
* * * LOW HITPOINT WARNING * * *
You feel very sick.
There is a stone staircase leading down here.
You feel better. You block the killer bee's attack. The killer bee stings you.
* * * LOW HITPOINT WARNING * * *
You are lethally poisoned!
The killer bee poisons you! The killer bee stings you.
* * * LOW HITPOINT WARNING * * *
You are more poisoned.
The killer bee poisons you!
The killer bee stings you but does no damage.
The killer bee stings you.
You die...

##..##....##......#
##..##....##.....########
#...+.....#......##.§§§§#
#...#.....#.........§§§§#
##..#.....#........§§§§§#
##'###....##.....##§.§§§#
##..##...)##.....##.....#
....##....##<..y.########
...............y@.......#
..........##....y##.....#
##..##....##.....##.....#
##..##....##.....########
.#........#.......#
.#........#.......#
.#..###'#####...#####
.#..##....###...###.##
.#.........).........#


You could see 3 killer bees.

Vanquished Creatures
  Sigmund (D:5)
  Menkaure (D:5)
  An orc warrior (D:6)
  3 sky beasts
  2 ogres
  2 phantoms
  A gnoll sergeant (D:5)
  A scorpion (D:5)
  A water moccasin zombie (D:5)
  4 orc priests
  A hound (D:5)
  A jelly (D:3)
  A centaur skeleton (D:5)
  Natasha (thrice) (D:2)
  A killer bee zombie (D:6)
  3 gnolls (D:5)
  4 adders
  A shadow imp (D:5)
  An ufetubus (D:5)
  2 worms
  2 dart slugs
  7 orcs
  2 endoplasms
  2 giant cockroaches (D:2)
  3 goblins
  6 hobgoblins
  3 quokkas
  5 ball pythons
  9 bats
  A frilled lizard (D:1)
  9 kobolds
  2 rats (D:3)
86 creatures vanquished.

Notes
Turn   | Place    | Note
-------+----------+-------------------------------------------
     0 | Abyss:1  | Gargoyl the Gnoll Abyssal Knight began the quest for the
                  | Orb.
     0 | Abyss:1  | Reached XP level 1. HP: 23/23 MP: 3/3
    38 | Abyss:1  | Gained mutation: You are robust. (+10% HP) [potion of
                  | mutation]
    38 | Abyss:1  | Gained mutation: You are weak. (Str -2) [potion of
                  | mutation]
    38 | Abyss:1  | Gained mutation: You have supernaturally acute eyesight.
                  | (SInv) [potion of mutation]
    38 | Abyss:1  | Gained mutation: You have sharp toenails. [potion of
                  | mutation]
    82 | Abyss:2  | Lost mutation: You are weak. (Str -2) [potion of mutation]
    82 | Abyss:2  | Lost mutation: You have supernaturally acute eyesight.
                  | (SInv) [potion of mutation]
    82 | Abyss:2  | Gained mutation: You are resistant to electric shocks.
                  | (rElec) [potion of mutation]
    82 | Abyss:2  | Gained mutation: Your body sometimes deteriorates upon
                  | taking damage. [potion of mutation]
    82 | Abyss:2  | Gained mutation: You have a pair of small horns on your
                  | head. [potion of mutation]
    82 | Abyss:2  | Gained mutation: Your muscles are strong. (Str +2) [potion
                  | of mutation]
    91 | Abyss:2  | Noticed a large abomination
   122 | Abyss:2  | Noticed a starcursed mass
   132 | Abyss:2  | Noticed an ancient zyme
   140 | Abyss:2  | Noticed a vampire mage
   141 | Abyss:2  | Noticed a jiangshi
   141 | Abyss:2  | Noticed a caustic shrike simulacrum
   142 | D:1      | Escaped the Abyss
   373 | D:1      | Reached XP level 2. HP: 31/31 MP: 5/5
   485 | D:1      | Found a faded altar of an unknown god.
   503 | D:1      | Reached * piety under Lugonu
   902 | D:2      | Reached XP level 3. HP: 33/38 MP: 6/6
   902 | D:2      | Identified a scroll of acquirement
   902 | D:2      | Acquired the amulet of Afejaomo {Reflect rN+ Int+6 SH+5}
  1176 | D:2      | Noticed Natasha
  1189 | D:2      | Killed Natasha
  1190 | D:2      | Reached skill level 1 in Short Blades
  1190 | D:2      | Reached skill level 1 in Long Blades
  1190 | D:2      | Reached skill level 1 in Maces & Flails
  1190 | D:2      | Reached skill level 1 in Polearms
  1190 | D:2      | Reached skill level 1 in Staves
  1190 | D:2      | Reached skill level 1 in Slings
  1190 | D:2      | Reached skill level 1 in Bows
  1190 | D:2      | Reached skill level 1 in Crossbows
  1190 | D:2      | Reached skill level 1 in Throwing
  1190 | D:2      | Reached skill level 1 in Stealth
  1190 | D:2      | Reached skill level 1 in Shields
  1190 | D:2      | Reached skill level 1 in Unarmed Combat
  1190 | D:2      | Reached skill level 1 in Spellcasting
  1190 | D:2      | Reached skill level 1 in Evocations
  1354 | D:2      | Found Wetef's Armour Shop.
  1475 | D:2      | Reached XP level 4. HP: 20/45 MP: 7/7
  1809 | D:2      | Noticed Natasha
  1815 | D:2      | Killed Natasha
  1953 | D:2      | Noticed Natasha
  1958 | D:2      | Killed Natasha
  1959 | D:2      | Reached skill level 1 in Conjurations
  1959 | D:2      | Reached skill level 1 in Hexes
  1959 | D:2      | Reached skill level 1 in Summonings
  1959 | D:2      | Reached skill level 1 in Necromancy
  1959 | D:2      | Reached skill level 1 in Translocations
  1959 | D:2      | Reached skill level 1 in Transmutations
  1959 | D:2      | Reached skill level 1 in Fire Magic
  1959 | D:2      | Reached skill level 1 in Ice Magic
  1959 | D:2      | Reached skill level 1 in Air Magic
  1959 | D:2      | Reached skill level 1 in Earth Magic
  1959 | D:2      | Reached skill level 1 in Poison Magic
  2141 | D:3      | Found an iron altar of Okawaru.
  2176 | D:3      | Reached XP level 5. HP: 26/51 MP: 8/8
  2234 | D:2      | Bought a +0 chain mail for 49 gold pieces
  2548 | D:3      | Reached skill level 5 in Invocations
  2549 | D:3      | Reached XP level 6. HP: 58/58 MP: 9/9
  2550 | D:3      | You fall into a shaft and drop 2 floors!
  2550 | D:5      | Entered Level 5 of the Dungeon
  3047 | D:4      | Reached skill level 5 in Axes
  3047 | D:4      | Reached skill level 5 in Armour
  3316 | D:4      | Reached ** piety under Lugonu
  3410 | D:4      | Reached XP level 7. HP: 64/64 MP: 10/10
  3481 | D:4      | Found Plog's Antique Weapon Boutique.
  3537 | D:4      | Found a staircase to the Ecumenical Temple.
  3716 | D:5      | Reached skill level 7 in Fighting
  3868 | D:5      | Noticed Menkaure
  3877 | D:5      | Killed Menkaure
  4267 | D:5      | Reached XP level 8. HP: 68/73 MP: 12/12
  4449 | D:5      | Noticed Sigmund
  4461 | D:5      | Killed Sigmund
  4930 | D:5      | HP: 2/73 [poisoned by a killer bee]
  4931 | D:5      | Slain by a killer bee

Illustrated notes

Levels and vault maps discovered:
D:1:      lightli_molten_gateway, layout_basic, basic_ecumenical_altar,
          st_stairs_7, minmay_liquid_box
D:2:      layout_basic, serial_shops, shop, uniq_natasha
D:3:      layout_basic, okawaru_trees_1, kennysheep_generic_room_3
D:4:      layout_rooms, lemuel_temple_firewalk_b, serial_shops,
          kennysheep_mini_moat
D:5:      layout_gridville, uniq_sigmund, uniq_menkaure
D:6:      layout_cave_pools, uniq_blork_the_orc, uniq_maggie,
          uniq_crazy_yiuf_cottage, uniq_edmund

Skill      XL: |  1  2  3  4  5  6  7  8 |
---------------+-------------------------+-----
Short Blades   | 1 2 3 |  3.6
Long Blades    | 1 2 3 |  3.6
Maces & Flails | 1 2 3 |  3.6
Polearms       | 1 2 3 |  3.6
Staves         | 1 2 3 |  3.6
Slings         | 1 2 3 |  3.6
Bows           | 1 2 3 |  3.6
Crossbows      | 1 2 3 |  3.6
Throwing       | 1 2 3 |  3.6
Stealth        | 1 2 3 |  3.6
Shields        | 1 2 3 |  3.6
Unarmed Combat | 1 2 3 |  3.6
Spellcasting   | 1 2 3 |  3.6
Evocations     | 1 2 3 |  3.6
Conjurations   | 1 2 3 |  3.0
Hexes          | 1 2 3 |  3.0
Summonings     | 1 2 3 |  3.0
Necromancy     | 1 2 3 |  3.0
Translocations | 1 2 3 |  3.0
Transmutations | 1 2 3 |  3.0
Fire Magic     | 1 2 3 |  3.0
Ice Magic      | 1 2 3 |  3.0
Air Magic      | 1 2 3 |  3.0
Earth Magic    | 1 2 3 |  3.0
Poison Magic   | 1 2 3 |  3.0
Dodging        | 3 4 |  4.5
Invocations    | 5 6 |  6.2
Axes           | 5 |  5.9
Armour         | 5 |  5.9
Fighting       | 7 |  7.6

Action                   |  1- 3 |  4- 6 |  7- 9 || total
-------------------------+-------+-------+-------++-------
Melee: Hand axe          |    64 |    86 |    99 ||   249
       Kick              |    17 |    16 |    33 ||    66
       Headbutt          |     7 |     9 |    19 ||    35
       Bite              |     5 |     9 |    14 ||    28
       Punch             |       |       |     1 ||     1
Throw: Dart              |       |     5 |     6 ||    11
Invok: Depart the Abyss  |     1 |       |       ||     1
       Bend Space        |       |       |     1 ||     1
  Use: Potion            |     2 |     1 |     5 ||     8
       Scroll            |     4 |     3 |     4 ||    11
 Stab: Sleeping          |     2 |     1 |       ||     3
Armor: Leather armour    |    16 |     4 |       ||    20
       Chain mail        |       |    28 |    51 ||    79
Dodge: Dodged            |    53 |    35 |    41 ||   129
Block: Other             |     6 |    15 |    27 ||    48
       Reflection        |       |     2 |     1 ||     3

Table legend: (Time is in decaauts)
 A = Elapsed time spent in this place.
 B = Non-inter-level travel time spent in this place.
 C = Inter-level travel time spent in this place.
 D = Time resting spent in this place.
 E = Time spent auto-exploring this place.
 F = Levels seen in this place.
 G = Mean time per level.
                   A        B        C        D        E       F      G
               +--------+--------+--------+--------+--------+-----+--------+
         Total |   4950 |   4791 |    159 |    247 |   3625 |   8 |  618.8 |
       Dungeon |   4809 |   4650 |    159 |    247 |   3550 |   6 |  801.5 |
         Abyss |    141 |    141 |      0 |      0 |     75 |   2 |   70.5 |
               +--------+--------+--------+--------+--------+-----+--------+

Top non-repeatable levels by time:
     D:2: 1415 daAuts
     D:5: 1065 daAuts
     D:3: 767 daAuts
     D:1: 695 daAuts
     D:4: 668 daAuts
     D:6: 196 daAuts
 Abyss:2: 83 daAuts
 Abyss:1: 58 daAuts
